 Dungeon Crawl Stone Soup version 0.28-a0-589-g333b8329f1 (webtiles) character file.

Game seed: 9211733688212684321

115 dolemite99 the Chiller (level 4, -1/30 HPs)
             Began as a Demonspawn Ice Elementalist on Oct 4, 2021.
             Splashed by a jelly's acid (8 damage)
             ... on level 2 of the Dungeon.
             The game lasted 00:03:19 (3235 turns).

dolemite99 the Chiller (DsIE)                       Turns: 3235, Time: 00:03:20

Health: -1/30      AC: -1    Str:  8    XL:     4   Next: 68%
Magic:  11/16      EV: 12    Int: 18    God:
Gold:   29         SH:  0    Dex: 13    Spells: 6/7 levels left

rFire   . . .      SeeInvis .   i - +0 spear
rCold   . . .      Faith    .   (no shield)
rNeg    . . .      Spirit   .   a - +0 robe
rPois   .          Reflect  .   k - +0 helmet
rElec   .          Harm     .   (no cloak)
rCorr   .          Rampage  .   (no gloves)
Will    .....                   l - +1 pair of boots
Stlth   ++........              (no amulet)
HPRegen 0.10/turn               d - ring of magical power
MPRegen 0.15/turn               (no ring)

@: corroded
A: hooves 1, icy blue scales 1
a: no special abilities


You were on level 2 of the Dungeon.
You visited 1 branch of the dungeon, and saw 2 of its levels.

You collected 101 gold pieces.
You spent 72 gold pieces at shops.

Inventory:

Hand Weapons
 b - a +0 club
 i - a +0 spear (weapon)
Missiles
 f - a javelin
 j - 57 stones
 m - 5 poisoned darts (quivered)
Armour
 a - a +0 robe (worn)
 k - a +0 helmet (worn)
 l - a +1 pair of boots (worn)
Jewellery
 d - a ring of magical power (left hand)
Wands
 h - a wand of paralysis (7)
Scrolls
 c - a scroll of amnesia
 g - a scroll of immolation
 n - a scroll of identify {@r1}
Potions
 e - 2 potions of curing


   Skills:
 - Level 1.7 Dodging
 - Level 1.7 Stealth
 - Level 2.0 Spellcasting
 + Level 5.6 Ice Magic


You had 6 spell levels left.
You knew the following spells:

 Your Spells              Type           Power      Damage    Failure   Level
a - Freeze                Ice            84%        1d10      1%          1

Your spell library contained the following spells:

 Spells                   Type           Power      Damage    Failure   Level
 Frozen Ramparts          Ice            42%        1d6       5%          3
 Ozocubu's Armour         Ice            21%        N/A       5%          3
 Hailstorm                Conj/Ice       11%        3d5       50%         4


Dungeon Overview and Level Annotations

Branches:
Dungeon (2/15)

Altars:

Shops:
D:2 [


Innate Abilities, Weirdness & Mutations

You have large cloven feet.
You are partially covered in icy blue scales. (AC +2)


Message History

Aim: a jelly (wandering, hasn't noticed you)
You freeze the jelly.
The jelly quivers.
The jelly is lightly wounded.
The jelly barely misses you.
Casting: Freeze (safe; 1% risk of failure)
Confirm with . or Enter, or press ? or * to list all spells.
Aiming: Freeze (safe; 1% risk of failure)
Press: ? - help, Shift-Dir - straight line, f/p - jelly
Aim: a jelly (lightly wounded)
You freeze the jelly.
The jelly is moderately wounded.
The jelly closely misses you.
Casting: Freeze (safe; 1% risk of failure)
Confirm with . or Enter, or press ? or * to list all spells.
Aiming: Freeze (safe; 1% risk of failure)
Press: ? - help, Shift-Dir - straight line, f/p - jelly
Aim: a jelly (moderately wounded)
You freeze the jelly!
The jelly is heavily wounded.
The jelly hits you. The acid corrodes you!
You are splashed with acid.
Casting: Freeze (safe; 1% risk of failure)
Confirm with . or Enter, or press ? or * to list all spells.
Aiming: Freeze (safe; 1% risk of failure)
Press: ? - help, Shift-Dir - straight line, f/p - jelly
Aim: a jelly (heavily wounded)
You freeze the jelly.
The jelly is severely wounded.
The jelly closely misses you.
Casting: Freeze (safe; 1% risk of failure)
Confirm with . or Enter, or press ? or * to list all spells.
Aiming: Freeze (safe; 1% risk of failure)
Press: ? - help, Shift-Dir - straight line, f/p - jelly
Aim: a jelly (severely wounded)
You freeze the jelly.
The jelly is severely wounded.
The jelly hits you.
* * * LOW HITPOINT WARNING * * *
The acid corrodes you!
You are splashed with acid!
You die...

#.# #.# #.# ### #.#
#÷.....##.####### #.#
######.÷JJ.J#.#.#....##### #.#
#...##..J÷..#J#)#.....##.# #.#
#.####JK.J÷.#.#J#......'.#####.##
#.####÷..J..#J#.@...)..'.........
#...##......#J#........'.####.###
#..###..J...#J#.....).##.)).)....
#..# #..J...'##......########.##.
#..# #....J÷############# #.##.
#..######### ### #.# #.##. ....##
##### #.# #.# #.##. #..###>##...
#.# #.#####.##. #........... #.#
#.##.......


You could see a jelly.

Vanquished Creatures
  A jelly (D:2)
  2 adders (D:2)
  3 dart slugs
  2 ball pythons
  3 bats (D:2)
  10 endoplasms
  2 giant cockroaches
  5 goblins
  6 hobgoblins
  2 jackals (D:2)
  11 kobolds
  3 frilled lizards
  3 rats
53 creatures vanquished.

Vanquished Creatures (others)
  5 fungi (D:2)
  9 toadstools (D:2)
14 creatures vanquished.

Grand Total: 67 creatures vanquished

Notes
Turn   | Place    | Note
-------+----------+-------------------------------------------
     0 | D:1      | dolemite99 the Demonspawn Ice Elementalist began the quest
                  | for the Orb.
     0 | D:1      | Reached XP level 1. HP: 13/13 MP: 3/3
   446 | D:1      | Reached skill level 4 in Ice Magic
   581 | D:1      | Gained mutation: You are partially covered in icy blue
                  | scales. (AC +2) [demonic ancestry]
   581 | D:1      | Reached XP level 2. HP: 17/19 MP: 3/5
  1078 | D:1      | Found a faded altar of an unknown god.
  1855 | D:2      | Gained mutation: You have large cloven feet. [demonic
                  | ancestry]
  1855 | D:2      | Reached XP level 3. HP: 24/24 MP: 4/6
  2515 | D:2      | Found Taecwuif's Antique Armour Shoppe.
  2518 | D:2      | Bought a pair of boots for 72 gold pieces
  2762 | D:2      | Reached skill level 5 in Ice Magic
  2916 | D:2      | Reached XP level 4. HP: 29/30 MP: 7/7
  3235 | D:2      | Splashed by a jelly's acid

Illustrated notes

Levels and vault maps discovered:
D:1:      amcnicky_arrival_choice, layout_basic,
          hellmonk_ecumenical_altar_blasted, minmay_crystal_water,
          amethyst_killhole, chequers_serial_rivers_marsh
D:2:      cheibrodos_fertilizer, layout_loops_ring, serial_shops, shop

Skill      XL: |  1  2  3 |
---------------+----------+-----
Ice Magic      | 4 5 |  5.6
Dodging        | |  1.7
Stealth        | |  1.7
Spellcasting   | |  2.0

Action                   |  1- 3 |  4- 6 || total
-------------------------+-------+-------++-------
Melee: Unarmed           |     3 |       ||     3
       Club              |     5 |       ||     5
       Spear             |    18 |    14 ||    32
Throw: Javelin           |     2 |     1 ||     3
       Dart              |     5 |     3 ||     8
       Stone             |       |     1 ||     1
 Cast: Freeze            |    57 |    25 ||    82
  Use: Scroll            |     4 |       ||     4
 Stab: Sleeping          |     1 |       ||     1
Armor: Robe              |    21 |     7 ||    28
Dodge: Dodged            |    54 |    18 ||    72

Table legend: (Time is in decaauts)
 A = Elapsed time spent in this place.
 B = Non-inter-level travel time spent in this place.
 C = Inter-level travel time spent in this place.
 D = Time resting spent in this place.
 E = Time spent auto-exploring this place.
 F = Levels seen in this place.
 G = Mean time per level.
                   A        B        C        D        E       F      G
               +--------+--------+--------+--------+--------+-----+--------+
         Total |   3244 |   3138 |    106 |   1166 |   1468 |   2 | 1622.0 |
       Dungeon |   3244 |   3138 |    106 |   1166 |   1468 |   2 | 1622.0 |
               +--------+--------+--------+--------+--------+-----+--------+

Top non-repeatable levels by time:
     D:1: 1784 daAuts
     D:2: 1459 daAuts
